 Dungeon Crawl Stone Soup version 0.27-a0-46-g34d46f0a3f (webtiles) character file.

Game seed: 13689095994551479789

1264 Borgoz the Skirmisher (level 8, 0/49 (57) HPs)
             Began as a Halfling Fighter on Jan 6, 2021.
             Killed from afar by Maggie (15 damage)
             ... with a bolt of fire
             ... on level 6 of the Dungeon.
             The game lasted 00:07:11 (6095 turns).

Borgoz the Skirmisher (Halfling Fighter)            Turns: 6095, Time: 00:07:12

HP:   0/49 (57)     AC: 14    Str: 17    XL:     8   Next: 82%
MP:   8/8           EV:  9    Int:  6    God:
Gold: 270           SH: 10    Dex: 16    Spells: 7/7 levels left

rFire    . . .     SeeInvis +   a - +1 long sword
rCold    . . .     Faith    .   c - +0 kite shield
rNeg     . . .     Spirit   .   n - +1 scale mail
rPois    .         Reflect  .   i - +2 helmet {SInv}
rElec    .         Harm     .   m - +0 cloak
rCorr    .         Rampage  .   (no gloves)
Will     .....                  h - +0 pair of boots
Stlth    ..........             t - amulet of the acrobat
HPRegen  0.16/turn              (no ring)
MPRegen  0.11/turn              (no ring)

@: mesmerised, heavily drained
A: small, mutation resistance 1
a: no special abilities


You were on level 6 of the Dungeon.
You visited 2 branches of the dungeon, and saw 7 of its levels.

You collected 270 gold pieces.

Inventory:

Hand Weapons
 a - a +1 long sword (weapon)
 b - the +1 dagger "Worm" {vorpal, Str+2 Int+3 Dex+7}
   (You found it on level 4 of the Dungeon)

   It inflicts extra damage upon your enemies.
   It affects your strength (+2).
   It affects your intelligence (+3).
   It affects your dexterity (+7).
Armour
 c - a +0 kite shield (worn)
 h - a +0 pair of boots (worn)
 i - a +2 helmet of see invisible (worn)
 m - a +0 cloak (worn)
 n - a +1 scale mail (worn)
Jewellery
 t - an amulet of the acrobat (around neck)
Wands
 d - a wand of disintegration (7)
 e - a wand of polymorph (10)
 l - a wand of flame (24)
Scrolls
 f - 2 scrolls of fog
 g - 3 scrolls of enchant armour
 k - a scroll of amnesia
 o - a scroll of teleportation
 q - a scroll of identify
 r - 3 scrolls of magic mapping
 s - 2 scrolls of fear
Potions
 j - 2 potions of haste
 u - a potion of invisibility {unknown}


   Skills:
 * Level 6.0 Fighting
 * Level 6.0 Long Blades
 + Level 5.5 Armour
 + Level 5.4 Shields


You had 7 spell levels left.
You didn't know any spells.
Your spell library was empty.

Dungeon Overview and Level Annotations

Branches:
Dungeon (6/15)             Temple (1/1) D:4

Altars:
Dithmenos
Elyvilon
Fedhas
Gozag
Hepliaklqana
Kikubaaqudgha
Okawaru
Qazlal
Sif Muna
Trog
Uskayaw
Vehumet
Wu Jian
Xom
Yredelemnul
Zin
The Shining One

Shops:
D:6 (

Annotations:
D:6 Maggie


Innate Abilities, Weirdness & Mutations

You are small and have problems with some larger weapons.
You are somewhat resistant to further mutation.


Message History

You hit Maggie.
Maggie is severely wounded.
Maggie points at you and mumbles some strange words.
The bolt of fire hits you!
* * * LOW HITPOINT WARNING * * *
You feel better. You block Maggie's attack.
You feel better.
You feel better.
Maggie mumbles the words to a spell, but in the wrong order.
Maggie barely misses you.
You riposte.
You hit Maggie but do no damage.
Maggie is severely wounded.
You slash Maggie!
Maggie is almost dead.
Maggie hits you with a +2 glaive of draining!
You feel drained.
You closely miss Maggie.
Maggie is almost dead.
Maggie casts a spell at you. The bolt of fire hits you!
You die...

........# .......(###..
....)........#
.....†..##...# #
........# ### ..
.......... ######.#.
#..##.....# ###........
..###.....# ##..........
### #.....# #...@†......
# ####### #....@...!..
###.(.........
##.............
#########..............
##..........###.........
...####...### ##........
.### ##.### #########
######..#


You could see Maggie (mesmerising).

Vanquished Creatures
  Sigmund (D:5)
  Eustachio (D:6)
  An orc warrior (D:6)
  An ogre (D:4)
  A bullfrog (D:6)
  2 centaur skeletons
  A hound (D:2)
  3 orc priests
  3 iguanas
  4 orc wizards
  Crazy Yiuf (D:2)
  2 worker ants
  A hound skeleton (D:6)
  9 gnolls
  4 adders (D:2)
  An ooze (D:2)
  An adder skeleton (D:4)
  A worm (D:3)
  A dart slug (D:1)
  6 leopard geckos
  22 orcs
  5 giant cockroaches
  5 goblins
  10 hobgoblins
  4 jackals (D:2)
  6 quokkas
  3 ball pythons
  6 bats
  5 frilled lizards
  3 kobolds
  10 rats
124 creatures vanquished.

Vanquished Creatures (others)
  An orc wizard (D:4)
1 creature vanquished.

Grand Total: 125 creatures vanquished

Notes
Turn   | Place    | Note
-------+----------+-------------------------------------------
     0 | D:1      | Borgoz the Halfling Fighter began the quest for the Orb.
     0 | D:1      | Reached XP level 1. HP: 15/15 MP: 1/1
   158 | D:1      | Reached XP level 2. HP: 16/20 MP: 2/2
   658 | D:1      | Reached XP level 3. HP: 26/26 MP: 3/3
  1191 | D:2      | Reached XP level 4. HP: 25/31 MP: 4/4
  1289 | D:2      | Found a runed translucent door.
  1290 | D:2      | Noticed Crazy Yiuf
  1427 | D:2      | Reached XP level 5. HP: 14/36 MP: 5/5
  1442 | D:2      | Found a basalt altar of Yredelemnul.
  2473 | D:2      | Killed Crazy Yiuf
  2474 | D:2      | Reached XP level 6. HP: 43/43 MP: 6/6
  2913 | D:3      | Found an iron altar of Okawaru.
  3864 | D:4      | Reached XP level 7. HP: 49/49 MP: 7/7
  4038 | D:4      | Got a slimy dagger
  4039 | D:4      | Identified the +1 dagger "Worm" {vorpal, Str+2 Int+3 Dex+7}
                  | (You found it on level 4 of the Dungeon)
  4048 | D:4      | Found a glowing golden altar of the Shining One.
  4081 | D:4      | Found a staircase to the Ecumenical Temple.
  4104 | D:4      | Reached skill level 5 in Fighting
  4114 | Temple   | Entered the Ecumenical Temple
  4744 | D:4      | Found a bloodstained altar of Trog.
  5197 | D:5      | Entered Level 5 of the Dungeon
  5198 | D:5      | Found a glowing silver altar of Zin.
  5204 | D:5      | Found a shadowy altar of Dithmenos.
  5321 | D:5      | Noticed Sigmund
  5333 | D:5      | Killed Sigmund
  5334 | D:5      | Reached skill level 5 in Long Blades
  5334 | D:5      | Reached skill level 5 in Armour
  5334 | D:5      | Reached XP level 8. HP: 47/55 MP: 8/8
  5454 | D:5      | Found a hide-covered altar of Uskayaw.
  5455 | D:5      | Found a shimmering altar of Xom.
  5456 | D:5      | Found a hazy altar of Hepliaklqana.
  5501 | D:5      | You fall into a shaft and drop 1 floor!
  5534 | D:6      | Reached skill level 5 in Shields
  5724 | D:6      | Noticed Eustachio
  5741 | D:6      | Killed Eustachio
  5970 | D:6      | Found Yssavax's Weapon Shop.
  6066 | D:6      | Noticed Maggie
  6095 | D:6      | Killed from afar by Maggie

Illustrated notes

Levels and vault maps discovered:
D:1:      lightli_arrival_noodles, layout_loops_ring, serial_rivers,
          chequers_serial_rivers_room_a, chequers_serial_rivers_room_b,
          chequers_serial_rivers_room_a, chequers_serial_rivers_micro_c,
          minmay_misc_feat_tower
D:2:      layout_basic, old_standard_altar, uniq_crazy_yiuf_cottage
D:3:      layout_loops_ring, okawaru_gym_becter
D:4:      layout_cave_pools, general_overflow_altar, tso_metal_star,
          minmay_temple_entry_junction_2, minmay_statues_item,
          minmay_stone_trees_small
D:5:      layout_loops_ring, minitemple, nemelex_xobeh_ov_fountains_minmay,
          kennysheep_little_box, uniq_sigmund
D:6:      layout_rooms, serial_shops, shop, uniq_eustachio, uniq_maggie
Temple:   compressed_dpeg_triangle_lava_temple

Skill      XL: |  1  2  3  4  5  6  7  8 |
---------------+-------------------------+-----
Fighting       | 3 4 5 6 |  6.0
Long Blades    | 3 4 5 6 |  6.0
Shields        | 4 5 |  5.4
Armour         | 4 5 |  5.5

Action                   |  1- 3 |  4- 6 |  7- 9 || total
-------------------------+-------+-------+-------++-------
Melee: Long sword        |    95 |   284 |   157 ||   536
       Dagger            |       |       |    30 ||    30
  Use: Potion            |       |     4 |     6 ||    10
       Scroll            |       |    11 |     1 ||    12
Armor: Scale mail        |    42 |   156 |    76 ||   274
       Skin              |       |     2 |       ||     2
Dodge: Dodged            |    24 |   145 |    73 ||   242
Block: Kite shield       |    51 |   198 |   111 ||   360
       Rpst.: Long sword |     7 |    52 |    22 ||    81

Table legend: (Time is in decaauts)
 A = Elapsed time spent in this place.
 B = Non-inter-level travel time spent in this place.
 C = Inter-level travel time spent in this place.
 D = Time resting spent in this place.
 E = Time spent auto-exploring this place.
 F = Levels seen in this place.
 G = Mean time per level.
                   A        B        C        D        E       F      G
               +--------+--------+--------+--------+--------+-----+--------+
         Total |   6226 |   6041 |    185 |    873 |   3993 |   7 |  889.4 |
       Dungeon |   5694 |   5524 |    170 |    761 |   3590 |   6 |  949.0 |
        Temple |    532 |    517 |     15 |    112 |    403 |   1 |  532.0 |
               +--------+--------+--------+--------+--------+-----+--------+

Top non-repeatable levels by time:
     D:2: 1705 daAuts
     D:3: 1371 daAuts
     D:1: 902 daAuts
     D:4: 796 daAuts
     D:6: 612 daAuts
  Temple: 532 daAuts
     D:5: 307 daAuts
